 Dungeon Sprint DCSS version 0.17.0-24-gcfadda4 (webtiles) character file.

257 Kidiri the Covert (level 5, 0/27 HPs)
             Began as a Spriggan Enchanter on Nov 16, 2015.
             Slain by a spatial vortex (27 damage)
             ... in the Dungeon (Sprint III: "The Ten Rune Challenge").
             The game lasted 00:03:24 (669 turns).

Kidiri the Covert (Spriggan Enchanter)               Turns: 669, Time: 00:03:24

Health: 0/27       AC:  3    Str:  4    XL:     5   Next: 93%
Magic:  15/15      EV: 23    Int: 17    God:
Gold:   27         SH:  0    Dex: 17    Spells: 5 memorised, 5 levels left

rFire  . . .     SeeInvis +     a - +1 dagger
rCold  . . .     Rnd*Rage +     b - +1 robe
rNeg   . . .     SustAt   .     (shield restricted)
rPois  .         Gourm    .     (helmet restricted)
rElec  .         Spirit   .     (no cloak)
rCorr  .         Warding  .     (gloves unavailable)
rMut   .         NoTele   +     (boots unavailable)
MR     .....                    (no amulet)
Stlth  +++++.....               (no ring)
                                (no ring)

@: very quick, not resistant to hostile enchantments, quite stealthy
A: unfitting armour, fangs 1, hooves 1, see invisible, berserk 1, herbivore 3,
speed 3, slow metabolism 2, spit poison 1
a: Spit Poison


You were in the Dungeon.
You were not hungry.

You visited 1 branch You collected 27 gold pieces.

Inventory:

Hand Weapons
 a - a +1 dagger (weapon)
Armour
 b - a +1 robe (worn)
Scrolls
 j - a scroll of blinking
 m - a scroll of torment
 o - 3 scrolls of remove curse
 r - a scroll of immolation {unknown}
Potions
 e - a potion of curing
 f - a potion of heal wounds
 g - a potion of haste
 h - 2 potions of magic
 p - 2 potions of cure mutation
 q - 4 potions of flight
 s - a potion of agility
Books
 c - a book of Maledictions

   Spells                             Type                      Level
   a - Corona                         Hexes                        1
   b - Ensorcelled Hibernation        Hexes/Ice                    2
   c - Confuse                        Hexes                        3
   d - Tukima's Dance                 Hexes                        3
   e - Dazzling Spray                 Conjuration/Hexes            3
Comestibles
 d - 3 bread rations
 i - a royal jelly


   Skills:
 + Level 2.6 Fighting
 * Level 5.5 Short Blades
 + Level 2.1 Armour
 * Level 7.2 Dodging
 * Level 8.8 Stealth
 * Level 6.7 Spellcasting
 + Level 1.8 Conjurations
 + Level 5.3 Hexes
 + Level 2.3 Ice Magic


You had 5 spell levels left.
You knew the following spells:

 Your Spells              Type           Power        Failure   Level  Hunger
a - Corona                Hex            ###....      1%          1    None
b - Ensorcelled Hibernat  Hex/Ice        ###...       3%          2    None
c - Confuse               Hex            ###.....     4%          3    ##.....
d - Tukima's Dance        Hex            ###.....     4%          3    ##.....
e - Dazzling Spray        Conj/Hex       ###.....     10%         3    ##.....


Dungeon Overview and Level Annotations

Branches:
Dungeon (1/1)

Altars:
Dithmenos
Gozag
Makhleb
Nemelex Xobeh
Qazlal
Ru
Xom
Jiyva
Lugonu


Innate Abilities, Weirdness & Mutations

You are tiny and cannot use many weapons and most armour.
You have supernaturally acute eyesight.
You are a herbivore.
You cover ground extremely quickly.
You need consume almost no food.
You have very sharp teeth.
You have large cloven feet.
You tend to lose your temper in combat.
You can spit weak poison.


Message History

You start resting.
Magic restored.
You start resting.
HP restored.
Memorise Tukima's Dance, consuming 3 spell levels and leaving 5?
You start memorising the spell.
You continue memorising.
You continue memorising. x2
You finish memorising.
Spell assigned to 'd'.
Unknown command.
Unknown command.
There is an open door here.
i - a royal jelly You open the door.
Found a stormy altar of Qazlal.
A spatial vortex comes into view.
Found a lamp of fire.
Found eight altars.
There is an open door here.
The spatial vortex hits you!!
Ouch! That really hurt!
You die...

....♣♣ ♣..#,,,*,,,*,_*,,,,,,,,,,*
...≈♣♣♣♣..###+#+###+##,,,,,,,,,**
..≈≈..♣...#..........#,,,,,,,,,,*
.≈≈≈≈♣♣.♣.'.⌠........#,,***∩*,***
.≈≈≈≈≈≈.♣.#...######'#,*,*,**,,,*
≈≈≈≈≈≈....#.⌠.#__#...#+**********
≈≈≈≈≈.....#...#__#...#,,≈≈≈+,*,+,
≈≈≈.......#+###v_#...#,*≈≈≈*,*,*,
..........#,,,#_@#...+,*,,,*,*,*,
..........#___#_.'...#,*,,,*,,,*,
▓▓▓▓▓▓▓▓▓▓▓***▓▓▓▓▓▓▓▓***********
≈≈≈≈≈≈≈**,,,,,****≈≈≈,,,,,,,,≈≈≈,
≈≈≈≈≈≈≈**,≈≈≈≈+**+*≈≈≈≈≈≈≈≈≈≈≈≈**
≈≈≈≈≈≈≈≈+,,,,,*,≈****************
≈≈,≈,≈,********,,** * ≈≈≈≈≈≈,*
***+*************** *+********
****,**,,**≈≈≈≈≈≈,,*


You could see a spatial vortex.

Vanquished Creatures
  A shadow (D)
  A water elemental (D)
  A jelly (D)
  A human (D)
  2 oozes (D)
  A phantom (D)
  2 rats (D)
9 creatures vanquished.

Vanquished Creatures (others)
  2 draconian scorchers (D)
  A yaktaur (D)
3 creatures vanquished.

Grand Total: 12 creatures vanquished

Notes
Turn   | Place    | Note
--------------------------------------------------------------
     0 | D        | Kidiri the Spriggan Enchanter began the quest for the Orb.
     0 | D        | Reached XP level 1. HP: 9/9 MP: 5/5
    14 | D        | Reached skill level 5 in Stealth
    14 | D        | Reached XP level 2. HP: 12/14 MP: 5/7
    51 | D        | Killed a yaktaur
    59 | D        | Learned a level 2 spell: Ensorcelled Hibernation
   109 | D        | Reached skill level 1 in Fighting
   109 | D        | Reached XP level 3. HP: 9/18 MP: 3/10
   208 | D        | Killed a white draconian scorcher
   270 | D        | Killed a white draconian scorcher
   316 | D        | Learned a level 3 spell: Confuse
   320 | D        | Learned a level 3 spell: Dazzling Spray
   370 | D        | Gained mutation: You can spit weak poison. [potion of mutation]
   370 | D        | Gained mutation: You have very sharp teeth. [potion of mutation]
   370 | D        | Gained mutation: You tend to lose your temper in combat. [potion of mutation]
   371 | D        | Gained mutation: You have large cloven feet. [potion of mutation]
   408 | D        | Noticed a water elemental
   410 | D        | Killed a water elemental
   410 | D        | Reached skill level 1 in Armour
   410 | D        | Reached skill level 5 in Dodging
   410 | D        | Reached skill level 7 in Stealth
   410 | D        | Reached skill level 5 in Spellcasting
   410 | D        | Reached skill level 1 in Ice Magic
   410 | D        | Reached XP level 4. HP: 23/23 MP: 12/12
   467 | D        | Noticed a jelly
   468 | D        | Noticed a shadow
   485 | D        | Killed a shadow
   485 | D        | Reached skill level 5 in Short Blades
   485 | D        | Reached skill level 8 in Stealth
   485 | D        | Reached skill level 1 in Conjurations
   485 | D        | Reached skill level 5 in Hexes
   485 | D        | Reached XP level 5. HP: 18/27 MP: 6/15
   486 | D        | Killed a jelly
   653 | D        | Learned a level 3 spell: Tukima's Dance
   667 | D        | Found a stormy altar of Qazlal.
   668 | D        | Found a sacrificial altar of Ru.
   668 | D        | Found a burning altar of Makhleb.
   668 | D        | Found a viscous altar of Jiyva.
   668 | D        | Found a shimmering altar of Xom.
   668 | D        | Found a shadowy altar of Dithmenos.
   668 | D        | Found a sparkling altar of Nemelex Xobeh.
   668 | D        | Found a corrupted altar of Lugonu.
   668 | D        | Found an opulent altar of Gozag.
   668 | D        | Noticed a spatial vortex
   669 | D        | Slain by a spatial vortex

Action                   |  1- 3 |  4- 6 || total
-------------------------+-------+-------++-------
Melee: Dagger            |    25 |    11 ||    36
 Cast: Ensorcelled Hiber |     2 |       ||     2
       Dazzling Spray    |       |     2 ||     2
  Use: Scroll            |     4 |       ||     4
       Potion            |     2 |     1 ||     3
 Stab: Sleeping          |     2 |       ||     2
